 Dungeon Crawl Stone Soup version 0.24.1-14-gf8d2b509d9 (console) character file.

Game seed: 14143059062963927995, levelgen mode: deterministic

4 Kagalorn the Magician (level 1, 6/14 HPs)
             Began as a Minotaur Wanderer on July 24, 2021.
             Quit the game on level 1 of the Dungeon.
             The game lasted 00:00:31 (49 turns).

Kagalorn the Magician (Minotaur Wanderer)             Turns: 49, Time: 00:00:32

Health: 6/14       AC:  2    Str: 15    XL:     1   Next: 50%
Magic:  3/3        EV: 11    Int:  9    God:
Gold:   0          SH:  0    Dex: 10    Spells: 6/6 levels left

rFire    . . .     SeeInvis .   (no weapon)
rCold    . . .     Gourm    .   (no shield)
rNeg     . . .     Faith    .   c - +0 robe
rPois    .         Spirit   .   (helmet restricted)
rElec    .         Reflect  .   (no cloak)
rCorr    .         Harm     .   (no gloves)
MR       .....                  (no boots)
Stlth    +.........             (no amulet)
HPRegen  0.04/turn              (no ring)
MPRegen  0.08/turn              (no ring)

@: no status effects
A: retaliatory headbutt, horns 2
a: no special abilities


You were on level 1 of the Dungeon.
You were not hungry.

You visited 1 branch of the dungeon, and saw 1 of its levels.

Inventory:

Armour
 c - a +0 robe (worn)
Scrolls
 a - a scroll of identify {unknown}
Comestibles
 f - a ration


   Skills:
 + Level 1.3 Throwing
 + Level 3.0 Spellcasting
   Level 1.5 Transmutations
   Level 1.3 Fire Magic
   Level 1.0 Evocations


You had 6 spell levels left.
You didn't know any spells.
Your spell library contained the following spells:

 Spells                   Type           Power        Failure   Level  Hunger
 Beastly Appendage        Tmut           #.....       16%         1    ##.....
 Magic Dart               Conj           #...         30%         1    ##.....
 Blink                    Tloc           N/A          41%         2    ###....
 Call Imp                 Summ           #.......     41%         2    ###....
 Slow                     Hex            #.......     41%         2    ###....
 Spider Form              Tmut/Pois      #.........   54%         3    ####...
 Conjure Flame            Conj/Fire      #.......     56%         3    ####...
 Mephitic Cloud           Conj/Pois/Air  #.......     65%         3    ####...


Dungeon Overview and Level Annotations

Branches:
Dungeon (1/15)

Altars:


Innate Abilities, Weirdness & Mutations

You reflexively headbutt those who attack you in melee.
You have a pair of horns on your head.


Message History

The bat closely misses you. The hobgoblin hits you.
A hobgoblin comes into view. It is wielding a +0 club.
You are too injured to fight recklessly!
You are too injured to fight recklessly!
You are too injured to fight recklessly!
You are too injured to fight recklessly!
The bat hits you but does no damage. The bat closely misses you.
The bat hits you but does no damage. The bat hits you but does no damage.
The bat hits you but does no damage. The bat barely misses you.
You are too injured to fight recklessly!
You barely miss the bat. The bat misses you. The bat barely misses you.
The hobgoblin barely misses you. You furiously retaliate!
You headbutt the hobgoblin, but do no damage.
You miss the bat. The bat hits you but does no damage.
The bat barely misses you. You furiously retaliate!
You headbutt the bat.
You kill the bat!
The hobgoblin hits you.
There is an open door here.
Are you sure you want to abandon this character and quit the game? (Confirm with "yes".)

.. ...#.....# ..
....#.)<..# . #...#.....#
#. #...#.###.# #
.##...#.#†#.# # ###.#
.#...#.###.# .#
......#...##.....###. .
..........##.....#.. ...
......#...##.@...#.##....
..... #...####g###)......
...g ###.g.K...(...# ...
#...g.......# ..
#..............# .
..................#
...................#
...................#
...######..........#


You could see a hobgoblin.

Vanquished Creatures
  4 bats (D:1)
  A kobold (D:1)
5 creatures vanquished.

Notes
Turn   | Place    | Note
-------+----------+-------------------------------------------
     0 | D:1      | Kagalorn the Minotaur Wanderer began the quest for the Orb.
     0 | D:1      | Kagalorn set off with the following items: a +0 club, a +0
                  | robe, a ration; and the following spells available to
                  | memorise: Beastly Appendage, Magic Dart, Blink, Call Imp,
                  | Slow, Spider Form, Conjure Flame, Mephitic Cloud
     0 | D:1      | Reached XP level 1. HP: 14/14 MP: 3/3
    14 | D:1      | Reached skill level 3 in Spellcasting
    49 | D:1      | Quit the game

Levels and vault maps discovered:
D:1:      nicolae_arrival_memento_mori, layout_basic

Skill      XL: |  1 |
---------------+----+-----
Spellcasting   | 3 |  3.0
Throwing       | |  1.3
Transmutations | |  1.5
Fire Magic     | |  1.3
Evocations     | |  1.0

Action                   || total
-------------------------++-------
Melee: Unarmed           ||    13
       Headbutt          ||     2
Armor: Robe              ||    10
Dodge: Dodged            ||    17
